 Dungeon Crawl Stone Soup version 0.26-a0-639-g72c4674329 (webtiles) character file.

Game seed: 2699018528687144602

893 Cheshire the Conjurer (level 7, -5/34 HPs)
             Began as a Deep Elf Conjurer on Sept 26, 2020.
             Slain by a centaur (7 damage)
             ... on level 5 of the Dungeon.
             The game lasted 00:39:29 (7318 turns).

Cheshire the Conjurer (Deep Elf Conjurer)           Turns: 7318, Time: 00:39:30

Health: -5/34      AC:  2    Str:  4    XL:     7   Next: 78%
Magic:  0/19       EV: 13    Int: 25    God:
Gold:   236        SH:  0    Dex: 13    Spells: 19/20 levels left

rFire    . . .     SeeInvis .   y - +0 dagger (protect)
rCold    . . .     Faith    .   (no shield)
rNeg     . . .     Spirit   +   B - +0 robe
rPois    +         Reflect  .   (no helmet)
rElec    .         Harm     .   (no cloak)
rCorr    .         Rampage  .   (no gloves)
MR       .....                  (no boots)
Stlth    ++........             c - amulet of guardian spirit
HPRegen  0.11/turn              (no ring)
MPRegen  0.16/turn              (no ring)

@: no status effects
A: frail 1, poison resistance, evolution 1
a: no special abilities


You were on level 5 of the Dungeon.
You visited 1 branch of the dungeon, and saw 7 of its levels.

You collected 258 gold pieces.
You spent 22 gold pieces at shops.

Inventory:

Hand Weapons
 m - a +0 hunting sling
 y - a +0 dagger of protection (weapon)
Missiles
 n - 117 stones (quivered)
 s - 10 sling bullets
Armour
 a - a +0 robe
 f - a +2 leather armour of cold resistance
 u - a +0 robe
 B - a +0 robe (worn)
Jewellery
 c - an amulet of guardian spirit (around neck)
 A - a cursed amulet of inaccuracy
Wands
 t - a wand of random effects (55)
 x - a wand of paralysis (13)
Scrolls
 g - 6 scrolls of identify
 j - 2 scrolls of enchant weapon
 p - a scroll of remove curse
 q - 2 scrolls of magic mapping
 r - a scroll of amnesia
 w - a scroll of teleportation {unknown}
 C - 2 scrolls of vulnerability {unknown}
 D - a scroll of enchant armour {unknown}
Potions
 b - a potion of ambrosia {unknown}
 d - a potion of mutation
 e - a potion of flight {unknown}
 h - a potion of invisibility {unknown}
 i - 3 potions of curing
 k - 3 potions of berserk rage {unknown}
 l - 2 potions of heal wounds {unknown}
 z - a potion of cancellation {unknown}


   Skills:
 + Level 1.3 Fighting
 - Level 0.1 Slings
 + Level 1.2 Armour
 + Level 3.4 Dodging
 + Level 3.9 Stealth
 + Level 7.4 Spellcasting
 + Level 7.7 Conjurations


You had 19 spell levels left.
You knew the following spells:

 Your Spells              Type           Power        Failure   Level
a - Magic Dart            Conj           ####         1%          1

Your spell library contained the following spells:

 Spells                   Type           Power        Failure   Level
 Searing Ray              Conj           #####.       1%          2
 Dazzling Flash           Conj/Hex       ####..       4%          3
 Fulminant Prism          Conj/Hex       ####......   13%         4
 Iskenderun's Mystic Bla  Conj/Tloc      ####....     13%         4


Dungeon Overview and Level Annotations

Branches:
Dungeon (7/15)
 Temple: D:4-7

Altars:
Fedhas
Hepliaklqana
Kikubaaqudgha
Qazlal
Zin
The Shining One

Shops:
D:4 *   D:6 :


Innate Abilities, Weirdness & Mutations

You are frail. (-10% HP)
Your system is resistant to poisons. (rPois)
You evolve.


Message History

The centaur barely misses you.
The jackal bites you but does no damage.
As you read the scroll labeled JAXAHE UTHRUL, it crumbles to dust.
You feel blessed for a moment.
It was a scroll of remove curse.
The centaur barely misses you. The centaur closely misses you.
The jackal misses you.
As you read the scroll labeled VIMUTZ QOTAASE, it crumbles to dust.
It is a scroll of amnesia.
Really abort (and waste the scroll)?
Uppercase [Y]es or [N]o only, please.
Really abort (and waste the scroll)?
Okay, then.
The centaur hits you.
* * * LOW HITPOINT WARNING * * *
The jackal barely misses you.
As you read the scroll labeled ZUIXOUX ZE XESCH, it crumbles to dust.
The scroll dissolves into smoke.
It was a scroll of fog.
The centaur hits you!
* * * LOW HITPOINT WARNING * * *
The jackal misses you. The centaur hits you!
You die...

#,,,,,,..,,...,.,,,,,,,,,,,,,,,
******.#,*.....,.##************
#.,,,#.#.#.#.# **#.
#*.,,,.......##########...
*..#.#.#.#.#.....[.......
*,,..............>...#*,,
*.#.#.#§#§#.#..((....#,,*
**.....§§§c...........#,,*
*,*(#.#.#@#.#.#.......#,,*
**......§§h..(...........*
*.#.#.#§#§#(#...((...###*
**,..................#
#.#.#.#.#.#..########
##...........# #.#.#.#)#..##
**.......### **######*


You could see a centaur and a jackal.

Vanquished Creatures
  Menkaure (D:4)
  3 scorpions
  2 orc priests (D:3)
  2 hounds (D:6)
  An iguana (D:4)
  Natasha (D:3)
  6 orc wizards
  2 worker ants
  A hound zombie (D:6)
  5 adders
  3 gnolls (D:4)
  2 ufetubi
  An ooze (D:3)
  4 dart slugs
  4 leopard geckos
  25 orcs
  A ball python (D:2)
  5 bats
  13 goblins
  6 hobgoblins
  13 jackals
  3 quokkas
  11 frilled lizards
  A jackal skeleton (D:4)
  6 kobolds
  5 rats
127 creatures vanquished.

Notes
Turn   | Place    | Note
-------+----------+-------------------------------------------
     0 | D:1      | Cheshire the Deep Elf Conjurer began the quest for the Orb.
     0 | D:1      | Reached XP level 1. HP: 10/10 MP: 6/6
   186 | D:1      | Reached XP level 2. HP: 12/15 MP: 0/8
   486 | D:1      | Reached skill level 5 in Conjurations
  1103 | D:1      | Reached XP level 3. HP: 19/19 MP: 7/9
  1650 | D:2      | Found a glowing golden altar of the Shining One.
  2017 | D:2      | Reached XP level 4. HP: 24/24 MP: 7/11
  2088 | D:2      | Found a hazy altar of Hepliaklqana.
  2704 | D:3      | Found a stormy altar of Qazlal.
  2723 | D:3      | Noticed Natasha
  3077 | D:4      | Reached skill level 1 in Armour
  3077 | D:4      | Reached XP level 5. HP: 28/28 MP: 6/13
  4056 | D:3      | Found an ancient bone altar of Kikubaaqudgha.
  4158 | D:3      | Killed Natasha
  4472 | D:4      | Found a blossoming altar of Fedhas.
  4487 | D:3      | Reached skill level 1 in Fighting
  4487 | D:3      | Reached skill level 5 in Spellcasting
  4710 | D:4      | Reached XP level 6. HP: 27/34 MP: 4/15
  4846 | D:4      | Found a glowing silver altar of Zin.
  4911 | D:4      | Noticed Menkaure
  4919 | D:4      | Killed Menkaure
  5166 | D:4      | Reached XP level 7. HP: 31/38 MP: 7/18
  6123 | D:4      | Found Iaboc's Incredible Inventory.
  6132 | D:4      | Bought a cursed amulet of inaccuracy for 22 gold pieces
  6241 | D:5      | Entered Level 5 of the Dungeon
  6540 | D:6      | Found Laria's Book Emporium.
  7310 | D:5      | Gained mutation: You are frail. (-10% HP) [potion of
                  | mutation]
  7310 | D:5      | Gained mutation: Your system is resistant to poisons.
                  | (rPois) [potion of mutation]
  7310 | D:5      | Gained mutation: You evolve. [potion of mutation]
  7318 | D:5      | Slain by a centaur

Illustrated notes

Levels and vault maps discovered:
D:1:      nicolae_arrival_somewhat_less_tricky_arrival, layout_basic,
          minmay_lizard_pond
D:2:      layout_loops_ring, old_standard_altar, nicolae_tso_swordbearing_angel
D:3:      layout_basic, grunt_qazlal_clouds, kiku_gazebo_pond_becter,
          ebering_dispersal_statue_hall, uniq_natasha
D:4:      layout_basic, chequers_temple_overflow_statue_of_worship,
          grunt_decor_fettered, minmay_misc_feat_alley, nicolae_alphabet_shops,
          uniq_menkaure
D:5:      layout_rooms, elyvilon_altar_1, hex_medium, grunt_decor_one_mirror
D:6:      layout_loops_cross, nicolae_gozag_seed_capital, serial_shops, shop,
          nicolae_shop_waterfront, nicolae_shop_crystal, kennysheep_mini_moat,
          kennysheep_little_box, minmay_shop_grid_forest, serial_bayou_pond_d,
          serial_bayou_pond_a, uniq_crazy_yiuf_cottage
D:7:      layout_basic, kennysheep_mini, minmay_temple_entry_offerings,
          lemuel_flamethrower_1

Skill      XL: |  1  2  3  4  5  6  7 |
---------------+----------------------+-----
Conjurations   | 5 6 7 |  7.7
Spellcasting   | 4 5 6 7 |  7.4
Armour         | 1 |  1.2
Dodging        | 3 |  3.4
Stealth        | 3 |  3.9
Fighting       | 1 |  1.3
Slings         | |  0.1

Action                   |  1- 3 |  4- 6 |  7- 9 || total
-------------------------+-------+-------+-------++-------
Melee: Dagger            |       |       |     1 ||     1
 Fire: Hunting sling     |       |     1 |       ||     1
 Cast: Magic Dart        |    83 |   156 |   131 ||   370
  Use: Scroll            |       |       |     6 ||     6
       Potion            |       |       |     4 ||     4
Armor: Robe              |       |     3 |     7 ||    10
Dodge: Dodged            |     7 |    28 |    40 ||    75

Table legend: (Time is in decaauts)
 A = Elapsed time spent in this place.
 B = Non-inter-level travel time spent in this place.
 C = Inter-level travel time spent in this place.
 D = Time resting spent in this place.
 E = Time spent auto-exploring this place.
 F = Levels seen in this place.
 G = Mean time per level.
                   A        B        C        D        E       F      G
               +--------+--------+--------+--------+--------+-----+--------+
         Total |   7337 |   6954 |    383 |   2892 |   2105 |   7 | 1048.1 |
       Dungeon |   7337 |   6954 |    383 |   2892 |   2105 |   7 | 1048.1 |
               +--------+--------+--------+--------+--------+-----+--------+

Top non-repeatable levels by time:
     D:3: 1616 daAuts
     D:1: 1604 daAuts
     D:4: 1552 daAuts
     D:2: 1477 daAuts
     D:6: 931 daAuts
     D:5: 153 daAuts
     D:7: 1 daAuts
